 Dungeon Crawl Stone Soup version 0.27.1-3-gb3d3a73c9e (webtiles) character file.

Game seed: 2477807766509039099

1642 barney the Changer (level 8, -2/80 HPs)
             Began as a Black Draconian Transmuter on Oct 6, 2021.
             Was an Initiate of Vehumet.
             Slain by a gnoll (10 damage)
             ... on level 6 of the Dungeon.
             The game lasted 00:12:50 (10831 turns).

barney the Changer (Black Draconian Transmuter)    Turns: 10831, Time: 00:12:51

Health: -2/80      AC:  6    Str: 13    XL:     8   Next: 67%
Magic:  9/13       EV: 10    Int: 16    God:    Vehumet [......]
Gold:   190        SH:  0    Dex: 11    Spells: 2/14 levels left

rFire    x . .     SeeInvis .     - Unarmed
rCold    + + +     Faith    .   (shield currently unavailable)
rNeg     . . .     Spirit   .   (armour unavailable)
rPois    +         Reflect  .   (helmet currently unavailable)
rElec    .         Harm     .   (cloak currently unavailable)
rCorr    .         Rampage  .   (gloves currently unavailable)
Will     +....                  (boots currently unavailable)
Stlth    +.........             (no amulet)
HPRegen  0.23/turn              d - ring of willpower
MPRegen  0.13/turn              e - ring of wizardry

@: ice-form (expiring), studying Polearms
A: freezing attack, amphibious, boosted hp, (breathe lightning), AC +6, large,
unfitting armour, (electricity resistance), (cold-blooded)
a: End Transformation, Renounce Religion


You were on level 6 of the Dungeon.
You worshipped Vehumet.
Vehumet was noncommittal.
You were a creature of crystalline ice.
You visited 2 branches of the dungeon, and saw 7 of its levels.

You collected 190 gold pieces.

Inventory:

Hand Weapons
 g - a +2 halberd of venom
 i - a +4 quarterstaff of chaos (melded)
Armour
 b - a +0 pair of gloves
 j - a +1 cloak (melded)
Jewellery
 d - a ring of willpower (left front paw)
 e - a ring of wizardry (right front paw)
 f - a ring of wizardry
 n - a ring of ice
Scrolls
 a - 6 scrolls of identify
 c - a scroll of vulnerability {unknown}
Potions
 h - 2 potions of brilliance {unknown}
 l - a potion of curing


   Skills:
 + Level 4.4 Fighting
 + Level 2.5 Dodging
 * Level 6.5 Unarmed Combat
 - Level 3.6 Spellcasting
 + Level 1.7 Summonings
 + Level 1.9 Translocations
 - Level 7.1 Transmutations


You had 2 spell levels left.
You knew the following spells:

 Your Spells              Type           Power      Damage    Failure   Level
a - Beastly Appendage     Tmut           50%        N/A       1%          1
b - Spider Form           Tmut/Pois      7%         N/A       4%          3
c - Wereblood             Tmut           25%        N/A       1%          2
d - Ice Form              Ice/Tmut       14%        N/A       16%         4
e - Apportation           Tloc           16%        N/A       3%          1
f - Summon Small Mammal   Summ           32%        N/A       3%          1

Your spell library contained the following spells:

 Spells                   Type           Power      Damage    Failure   Level
 Animate Skeleton         Necr           4%         N/A       8%          1
 Corona                   Hex            2%         N/A       8%          1


Dungeon Overview and Level Annotations

Branches:
Dungeon (6/15)             Temple (1/1) D:5

Altars:
Ashenzari
Cheibriados
Dithmenos
Elyvilon
Fedhas
Gozag
Kikubaaqudgha
Makhleb
Nemelex Xobeh
Okawaru
Qazlal
Ru
Trog
Uskayaw
Vehumet
Xom
Yredelemnul
Zin
The Shining One


Innate Abilities, Weirdness & Mutations

You are a creature of crystalline ice.
You have a powerful freezing melee attack.
You are amphibious.
Your maximum health is increased.
Your armour is entirely melded.
You are incapable of wielding weapons or throwing items.
((You can breathe wild blasts of lightning.))
((Your glossy black scales are hard. (AC +6)))
You cannot fit into any form of body armour.
((You are resistant to electric shocks. (rElec)))
((You are cold-blooded and may be slowed by cold attacks.))


Message History

The gnoll closely misses you. The gnoll barely misses you.
Your bat hits the gnoll shaman but does no damage.
Your bat closely misses the gnoll shaman.
Your bat hits the gnoll but does no damage.
Your bat completely misses the gnoll.
Your bat hits the gnoll but does no damage.
The gnoll closely misses you.
Your bat closely misses the gnoll.
Your bat hits the gnoll but does no damage. x2
Your bat hits the gnoll but does no damage. x2
The gnoll barely misses you.
The gnoll hits your bat with a +0 spear.
Your bat hits the gnoll. Your bat hits the gnoll.
You howl as the wereblood boils in your veins!
Your bat hits the gnoll but does no damage.
The gnoll hits you from afar with a +0 halberd.
* * * LOW HITPOINT WARNING * * *
Okay, then.
Something misses your bat.
Your bat hits the gnoll but does no damage.
Your bat stops glowing.
Your bat barely misses the gnoll.
The gnoll closely misses your bat.
Your bat hits the gnoll but does no damage.
The gnoll hits your bat with a +0 halberd!
Your bat dies!
Your bat's corpse disappears in a puff of smoke!
You howl as the wereblood boils in your veins!
Your primal bloodlust is almost over.
The gnoll hits you from afar with a +0 halberd.
* * * LOW HITPOINT WARNING * * *
Your primal bloodlust has ended.
Your transformation is almost over.
The gnoll hits you from afar with a +0 halberd.
* * * LOW HITPOINT WARNING * * *
The gnoll hits you from afar with a +0 halberd!
* * * LOW HITPOINT WARNING * * *
You feel better.
The gnoll hits you from afar with a +0 halberd!
You die...

.#........# ####..####
############# #..#
#...........# #.g######
#.#########.# #..g..g.#
#.# #.# #...###.# #.#
#.# #...#<#.# #.# #.#
#...#.#.# #.# #.#
#...#.#.####Y# #.#
#...#.#...g..# #.#
#...#.################.#
#...#..................#
....####################


You could see a gnoll (fast).

Vanquished Creatures
  Sigmund (D:4)
  2 water moccasins (D:5)
  An ice beast (D:5)
  An orc warrior (D:3)
  A necrophage (D:5)
  2 ogres
  2 phantoms
  A scorpion (D:5)
  A centaur zombie (D:5)
  3 orc priests
  3 hounds
  Crazy Yiuf (D:3)
  2 bullfrog skeletons
  2 iguanas (D:5)
  An orc wizard (D:5)
  A killer bee zombie (D:6)
  6 gnolls
  9 adders
  A shadow imp (D:4)
  A white imp (D:2)
  3 worms
  2 dart slugs
  13 orcs
  7 bats
  8 endoplasms
  4 giant cockroaches
  3 goblins
  7 hobgoblins
  3 jackals (D:1)
  5 quokkas
  2 ball pythons (D:1)
  3 frilled lizards
  4 kobolds
  9 rats
115 creatures vanquished.

Vanquished Creatures (others)
  5 fungi
  24 plants
29 creatures vanquished.

Grand Total: 144 creatures vanquished

Notes
Turn   | Place    | Note
-------+----------+-------------------------------------------
     0 | D:1      | barney the Draconian Transmuter began the quest for the
                  | Orb.
     0 | D:1      | Reached XP level 1. HP: 16/16 MP: 3/3
   224 | D:1      | Reached XP level 2. HP: 21/23 MP: 3/5
   400 | D:1      | Reached skill level 3 in Transmutations
   726 | D:1      | Reached XP level 3. HP: 25/28 MP: 6/6
   730 | D:1      | Learned a level 3 spell: Spider Form
   733 | D:1      | Learned a level 2 spell: Wereblood
  1827 | D:2      | Reached skill level 4 in Transmutations
  2095 | D:3      | Found a basalt altar of Yredelemnul.
  2413 | D:2      | Reached XP level 4. HP: 35/35 MP: 2/7
  2641 | D:3      | Reached skill level 5 in Transmutations
  2641 | D:3      | Reached XP level 5. HP: 9/40 MP: 5/8
  3140 | D:3      | Found a stormy altar of Qazlal.
  3145 | D:3      | Found an iron altar of Okawaru.
  3148 | D:3      | Found a snail-covered altar of Cheibriados.
  3149 | D:3      | Found a hide-covered altar of Uskayaw.
  3149 | D:3      | Found a glowing silver altar of Zin.
  3151 | D:3      | Found a sparkling altar of Nemelex Xobeh.
  3153 | D:3      | Found a shimmering altar of Xom.
  3642 | D:3      | Found a runed translucent door.
  3643 | D:3      | Noticed Crazy Yiuf
  3671 | D:3      | Noticed an orc warrior
  3724 | D:2      | Found a faded altar of an unknown god.
  4201 | D:2      | Reached skill level 6 in Transmutations
  4974 | D:3      | Killed an orc warrior
  4975 | D:3      | Reached XP level 6. HP: 18/47 MP: 4/9
  5865 | D:3      | Killed Crazy Yiuf
  6539 | D:4      | Noticed Sigmund
  6611 | D:4      | Reached skill level 7 in Transmutations
  6623 | D:4      | Found a white marble altar of Elyvilon.
  7442 | D:4      | Your scales start taking on a glossy black colour.
  7442 | D:4      | Reached XP level 7. HP: 35/55 MP: 10/10
  7442 | D:4      | Gained mutation: You are resistant to electric shocks.
                  | (rElec) [Black Draconian growth]
  7936 | D:4      | Killed Sigmund
  8238 | D:5      | Entered Level 5 of the Dungeon
  8358 | D:5      | Found a staircase to the Ecumenical Temple.
  8917 | Temple   | Entered the Ecumenical Temple
  9117 | Temple   | Became a worshipper of Vehumet
  9193 | Temple   | Learned a level 4 spell: Ice Form
  9480 | D:5      | Reached skill level 5 in Unarmed Combat
  9555 | D:5      | Noticed a shadow
  9623 | D:5      | Reached XP level 8. HP: 63/63 MP: 8/13
  9690 | D:5      | Learned a level 1 spell: Apportation
  9692 | D:5      | Learned a level 1 spell: Summon Small Mammal
  9752 | D:5      | Reached skill level 1 in Summonings
  9752 | D:5      | Reached skill level 1 in Translocations
 10830 | D:6      | HP: 2/80 [gnoll (10)]
 10831 | D:6      | Slain by a gnoll

Illustrated notes

Levels and vault maps discovered:
D:1:      psy_arrival_terrarium, layout_basic, minmay_close_crescents
D:2:      wad_lake_hut, layout_basic, shapermc_ecumenical_altar_mp_ritualfount
D:3:      layout_rooms, minitemple, st_stairs_11, uniq_crazy_yiuf_cottage
D:4:      layout_cave_pods, elyvilon_altar_4, uniq_sigmund
D:5:      wad_pebble_path, layout_rooms, minmay_temple_entry_sparse_star,
          ebering_ghost_gozag, minmay_manual_moon
D:6:      layout_basic, serial_rivers, chequers_serial_rivers_room_b,
          chequers_serial_rivers_micro_d, chequers_serial_rivers_micro_c,
          chequers_serial_rivers_micro_a
Temple:   cyrus_temple_forest

Skill      XL: |  1  2  3  4  5  6  7  8 |
---------------+-------------------------+-----
Transmutations | 3 4 5 6 7 |  7.1
Fighting       | 2 3 4 |  4.4
Unarmed Combat | 5 6 |  6.5
Spellcasting   | 3 |  3.6
Dodging        | 2 |  2.5
Summonings     | 1 |  1.7
Translocations | 1 |  1.9

Action                   |  1- 3 |  4- 6 |  7- 9 || total
-------------------------+-------+-------+-------++-------
Melee: Unarmed           |   115 |   103 |    55 ||   273
       Headbutt          |    11 |     6 |     8 ||    25
       Kick              |    13 |     6 |     7 ||    26
       Tailslap          |     6 |     5 |     9 ||    20
       Halberd           |       |    29 |       ||    29
       Quarterstaff      |       |    15 |    77 ||    92
 Cast: Beastly Appendage |    19 |    11 |     8 ||    38
       Spider Form       |     6 |    17 |     7 ||    30
       Wereblood         |     1 |     3 |     1 ||     5
       Ice Form          |       |       |     2 ||     2
       Summon Small Mamm |       |       |     5 ||     5
 Abil: Breathe Lightning |       |       |     1 ||     1
  Use: Potion            |     1 |     3 |     4 ||     8
       Scroll            |       |     4 |     5 ||     9
 Stab: Sleeping          |       |       |     1 ||     1
Armor: Skin              |    34 |    26 |    60 ||   120
Dodge: Dodged            |    75 |    87 |   113 ||   275
